Map: Alcyone LE

Players

commandeR

  • Race: Protoss Protoss
  • League: Diamond
  • Spawn Location: 7:00

电脑难度(新手) - Winner!

  • Race: Protoss Protoss
  • Spawn Location: 1:00

VOD

Have the link to the VOD?

Description

Time

  • Played on: Oct. 7, 2024, 9:40 a.m.
  • Length: 4:06
Show
View Real Time Build Order
Export as new Build Order

commandeR Protoss 

Build Orders:  

Get SALT Encoding   

  12  0:00  Probe  
  13  0:12  Probe  
  14  0:17  Pylon  
  14  0:24  Probe  
  15  0:37  Probe (Chrono Boost)  
  15  0:39  Gateway  
  16  0:48  Probe (Chrono Boost)  
  17  0:50  Assimilator  
  17  0:53  Probe (Chrono Boost)  
  17  0:56  Assimilator  
  18  1:04  Probe  
  19  1:16  Probe  
  20  1:19  Gateway  
  20  1:27  Cybernetics Core  
  20  1:37  Gateway  
  20  1:38  Pylon  
  20  2:05  Shield Battery  
  20  2:06  Adept x2 (Chrono Boost)  
  20  2:08  Shield Battery  
  24  2:12  Shield Battery  
  24  2:28  Adept x2 (Chrono Boost)  
  28  2:51  Pylon  
  28  2:56  Adept  
  30  3:09  Adept  
  32  3:14  Pylon  
  32  3:26  Adept  
  34  3:31  Shield Battery  
  34  3:33  Shield Battery  
Show
View Real Time Build Order
Export as new Build Order

电脑难度(新手) Protoss - Winner!

Build Orders:  

Get SALT Encoding   

  12  0:00  Probe  
  13  0:13  Probe  
  14  0:19  Pylon  
  14  0:36  Assimilator  
  14  0:42  Gateway  
  14  0:45  Pylon  
  14  1:13  Assimilator  
  14  1:15  Probe  
  14  1:23  Probe  
  15  1:32  Probe  
  16  1:33  Cybernetics Core  
  17  1:42  Probe  
  18  1:54  Probe  
  18  1:59  Warp Gate  
  19  2:02  Probe  
  20  2:09  Stalker  
Tags
 
League
Diamond
Matchup
PvP
Spawn Locations
Cross Positions
Add a new tag
Caveats
  • Supply blocks, unpowered buildings, or Contaminate may cause inaccurate times.
  • Supply counts are checked every 10 seconds.